 Dungeon Crawl Stone Soup version 0.31-a0-826-ga5cc291a1b (webtiles) character file.

Game seed: 1549936585934543096

328 qw the Shooter (level 6, 0/38 HPs)
             Began as a Gargoyle Hunter on Sept 23, 2023.
             Slain by a goblin
             ... wielding a +0 dagger
              (1 damage)
             ... on level 4 of the Dungeon.
             The game lasted 00:00:54 (2197 turns).

qw the Shooter (Gargoyle Hunter)                    Turns: 2197, Time: 00:00:55

Health: 0/38       AC:  8    Str: 14    XL:     6   Next: 50%
Magic:  6/6        EV: 11    Int: 13    God:
Gold:   103        SH:  0    Dex: 15    Spells: 5/5 levels left

rFire   . . .        Y - +0 shortbow
rCold   . . .        (shield currently unavailable)
rNeg    + . .        a - +1 leather armour "Geodir" {Int+3}
rPois   inf          (no helmet)
rElec   +            (no cloak)
rCorr   .            (no gloves)
SInv    .            (no boots)
Will    .....        (no amulet)
Stlth   ++           (no ring)
HPRegen 0.26/turn    (no ring)
MPRegen 0.10/turn

%: no passive effects
@: no status effects
A: sickness immunity, AC +4, negative energy resistance 1, electricity
resistance, torment resistance 1, petrification resistance
a: no special abilities


You were on level 4 of the Dungeon.
You visited 1 branch of the dungeon, and saw 4 of its levels.

You collected 103 gold pieces.


Innate Abilities, Weirdness & Mutations

You are immune to sickness and miasma.
Your stone body is resilient. (AC +4)
You are immune to poison.
You resist negative energy. (rN+)
You are resistant to electric shocks. (rElec)
You are resistant to unholy torment.
You are immune to petrification.


   Skills:
 - Level 4.0 Fighting
 + Level 6.9 Ranged Weapons
 - Level 1.5 Dodging
 - Level 1.1 Stealth


You had 5 spell levels left.
You didn't know any spells.
Your spell library was empty.

Inventory:

Hand Weapons
 Y - a +0 shortbow (weapon)
Armour
 a - the +1 leather armour "Geodir" (worn) {Int+3}
   (You found it on level 2 of the Dungeon)

   Int+3:     It affects your intelligence (+3).
Potions
 b - a potion of curing {unknown}
 d - a potion of attraction {unknown}
 e - a potion of invisibility {unknown}
 f - a potion of berserk rage {unknown}

Dungeon Overview and Level Annotations

Branches:
Dungeon (4/15)
 Temple: D:4-7

Altars:
Qazlal

Shops:
D:1 (

Annotations:
D:2 1 runed translucent door, Crazy Yiuf


Message History

The hound bites you. The goblin hits you but does no damage.
The howler monkey hoots and howls with incredible vigour!
The hound bites you.
You hear an angry hiss.
You shoot an arrow. The arrow hits the hound.
The hound is almost dead.
The hound bites you. The goblin hits you but does no damage.
The hound bites you but does no damage.
The howler monkey hoots and howls with incredible vigour!
The goblin misses you.
The kobold throws a stone.
The stone barely misses you.
You hear a shout! x2
You shoot an arrow. The arrow closely misses the hound.
The arrow hits the gnoll.
The gnoll is lightly wounded.
The hound barely misses you.
A ball python comes into view.
The goblin misses you. The gnoll hits you with a +0 whip. The hound bites you.
You shoot an arrow. The arrow barely misses the hound.
The hound barely misses you. The goblin hits you with a +0 dagger.
The gnoll hits you with a +0 whip.
You shoot an arrow. The arrow closely misses the hound.
The hound bites you but does no damage. The goblin hits you but does no damage.
The hound bites you. The gnoll barely misses you.
You shoot an arrow.
The arrow hits the hound but does no damage.
The hound is almost dead.
The hound barely misses you. The goblin closely misses you.
The gnoll hits you with a +0 whip.
You shoot an arrow. The arrow hits the hound.
You kill the hound!
The goblin hits you with a +0 dagger. The gnoll hits you with a +0 whip.
You shoot an arrow. The arrow hits the gnoll!
The gnoll is almost dead.
The howler monkey misses you. The gnoll barely misses you.
A gnoll comes into view. It is wielding a +0 spear.
The goblin barely misses you. The gnoll barely misses you.
The howler monkey hits you.
You shoot an arrow. The arrow barely misses the gnoll.
The gnoll barely misses you. The goblin hits you with a +0 dagger.
You die...

.......
..........#
#..........#
#..........#
#..........#
#..........
.........g##
........Kh@#
.[.......gg#
.......<.Sg#
#...g..$...#
......!....#
..........##
.........##
.......###
.......


You could see a howler monkey, 4 gnolls, a goblin, a ball python and a kobold.

Vanquished Creatures
  A sky beast (D:3)
  A hound (D:4)
  An orc priest (D:3)
  Jessica (D:2)
  Natasha (thrice) (D:2)
  A dart slug (D:2)
  7 orcs
  5 ball pythons
  3 endoplasms
  3 giant cockroaches
  5 goblins
  5 hobgoblins
  2 jackals (D:1)
  6 quokkas
  7 bats
  6 frilled lizards
  7 kobolds
  2 rats
66 creatures vanquished.

Notes
Turn   | Place    | Note
-------+----------+-------------------------------------------
     0 | D:1      | qw the Gargoyle Hunter began the quest for the Orb.
     0 | D:1      | Reached XP level 1. HP: 12/12 MP: 1/1
     0 | D:1      | 0 ||| qw: Version: 0.3-a-83-gcd0e7d8
     0 | D:1      | 0 ||| qw: Game counter: 1858
     0 | D:1      | 0 ||| qw: Melee chars always use a shield: true
     0 | D:1      | 0 ||| qw: God list: Okawaru
     0 | D:1      | 0 ||| qw: Allow faded altars: false
     0 | D:1      | 0 ||| qw: Do Orc after clearing Dungeon:15 true
     0 | D:1      | 0 ||| qw: Do second Lair branch before Depths: true
     0 | D:1      | 0 ||| qw: Lair rune preference: random
     0 | D:1      | 0 ||| qw: Goals: Normal
     0 | D:1      | 0 ||| PLANNING D:1-11
    49 | D:1      | Reached XP level 2. HP: 17/17 MP: 2/2
   253 | D:1      | Found Cuidokun's Antique Weapon Emporium.
   270 | D:1      | 270 ||| Stepping ~*~*~tactically~*~*~ (retreating).
   271 | D:1      | 271 ||| Stepping ~*~*~tactically~*~*~ (retreating).
   272 | D:1      | 272 ||| RETREEAATING.
   273 | D:1      | 273 ||| Stepping ~*~*~tactically~*~*~ (retreating).
   274 | D:1      | 274 ||| Stepping ~*~*~tactically~*~*~ (retreating).
   281 | D:1      | Reached XP level 3. HP: 12/21 MP: 3/3
   530 | D:1      | 530 ||| READING scroll labelled UCOILISUSE.
   531 | D:1      | 531 ||| READING scroll labelled FIAHEGR GAVUKIF.
   532 | D:1      | 532 ||| DRINKING 2 white potions.
   533 | D:1      | 533 ||| DROPPING scroll of butterflies.
   534 | D:1      | 534 ||| DROPPING potion of brilliance.
   565 | D:2      | Found a runed translucent door.
   566 | D:2      | Noticed Crazy Yiuf
   588 | D:2      | Reached skill level 5 in Ranged Weapons
   669 | D:2      | Found a faded altar of an unknown god.
   681 | D:2      | Identified the +1 leather armour "Geodir" {Int+3}
   707 | D:2      | Noticed Jessica
   718 | D:2      | Killed Jessica
   719 | D:2      | Reached skill level 3 in Fighting
   719 | D:2      | Reached XP level 4. HP: 10/28 MP: 4/4
   856 | D:2      | Noticed Natasha
   867 | D:2      | Killed Natasha
   872 | D:2      | Noticed Natasha
   882 | D:2      | HP: 5/28 [Natasha (6)]
   884 | D:2      | Killed Natasha
   994 | D:2      | Reached XP level 5. HP: 32/32 MP: 5/5
  1067 | D:2      | Noticed Natasha
  1068 | D:2      | 1068 ||| FLEEEEING.
  1080 | D:2      | Killed Natasha
  1377 | D:2      | 1377 ||| UPGRADING to +1 leather armour "Geodir" {Int+3}.
  1387 | D:2      | 1387 ||| DROPPING +0 leather armour.
  1388 | D:2      | 1388 ||| READING scroll labelled IVEALL BIOMECK.
  1461 | D:3      | Found a stormy altar of Qazlal.
  1461 | D:3      | Noticed a sky beast
  1474 | D:3      | Killed a sky beast
  1475 | D:3      | Reached skill level 6 in Ranged Weapons
  1475 | D:3      | Reached XP level 6. HP: 34/37 MP: 6/6
  2162 | D:3      | 2162 ||| READING scroll labelled TOPUUN JAMPUBU.
  2182 | D:4      | 2182 ||| RETREEAATING.
  2183 | D:4      | 2183 ||| STILL RETREEAATING.
  2184 | D:4      | 2184 ||| STILL RETREEAATING.
  2194 | D:4      | HP: 6/38 [gnoll/+0 whip (4)]
  2195 | D:4      | HP: 2/38 [gnoll/+0 whip (2)]
  2197 | D:4      | Slain by a goblin

Levels and vault maps discovered:
D:1:      minmay_arrival_stone_box, layout_basic, serial_shops,
          nicolae_diamond_shop
D:2:      layout_loops_ring, shapermc_ecumenical_altar_acropolis,
          minmay_misc_feat_five, uniq_crazy_yiuf_cottage, uniq_natasha,
          uniq_jessica
D:3:      layout_basic, nicolae_qazlal_beasts_of_the_sky
D:4:      layout_rooms, minmay_temple_entry_offerings

Skill      XL: |  1  2  3  4  5  6 |
---------------+-------------------+-----
Ranged Weapons | 5 6 |  6.9
Fighting       | 3 4 |  4.0
Dodging        | |  1.5
Stealth        | |  1.1

Action                     |  1- 3 |  4- 6 || total
---------------------------+-------+-------++-------
   Fire: Shortbow          |    89 |   152 ||   241
    Use: Scroll            |     2 |     2 ||     4
         Potion            |     1 |       ||     1
 Armour: Leather armour    |    40 |    75 ||   115
  Dodge: Dodged            |    42 |    76 ||   118

Table legend:
 A = Non-vault XP
 B = Vault XP
 C = Vault XP percentage of total XP
 D = Non-vault monster count
 E = Vault monster count
 F = Vault count percentage of total count
                 A         B        C        D         E       F
            +---------+---------+-------+---------+---------+-------
      Total |     264 |     205 |  43.7 |      63 |       3 |   4.5
            +---------+---------+-------+---------+---------+-------
        D:1 |      38 |       0 |   0.0 |      23 |       0 |   0.0
        D:2 |      94 |      72 |  43.4 |      13 |       2 |  13.3
        D:3 |      86 |     133 |  60.7 |      24 |       1 |   4.0
        D:4 |      46 |       0 |   0.0 |       3 |       0 |   0.0
            +---------+---------+-------+---------+---------+-------
